 Dungeon Crawl Stone Soup version 0.27-a0-1590-g15f6982 (webtiles) character file.

Game seed: 17519709318841759365

514 HDogLeCool the Skirmisher (level 7, -4/56 HPs)
             Began as a Human Fighter on July 18, 2021.
             Was a Believer of Sif Muna.
             Slain by an ogre (24 damage)
             ... on level 4 of the Dungeon.
             The game lasted 00:11:53 (4188 turns).

HDogLeCool the Skirmisher (Human Fighter)           Turns: 4188, Time: 00:11:54

Health: -4/56      AC:  9    Str: 18    XL:     7   Next: 44%
Magic:  7/7        EV:  7    Int:  8    God:    Sif Muna [**....]
Gold:   169        SH: 15    Dex: 19    Spells: 6/6 levels left

rFire    + . .     SeeInvis .   a - +0 long sword
rCold    . . .     Faith    .   c - +0 kite shield
rNeg     . . .     Spirit   .   b - +0 scale mail
rPois    .         Reflect  +   (no helmet)
rElec    .         Harm     .   s - +0 cloak
rCorr    .         Rampage  .   (no gloves)
Will     .....                  i - +0 pair of boots
Stlth    ..........             l - amulet of reflection
HPRegen  0.18/turn              v - +6 ring of dexterity
MPRegen  0.10/turn              n - ring of protection from fire

@: no status effects
A: no striking features
a: Renounce Religion, Channel Magic


You were on level 4 of the Dungeon.
You worshipped Sif Muna.
Sif Muna was pleased with you.
You visited 1 branch of the dungeon, and saw 4 of its levels.

You collected 169 gold pieces.

Inventory:

Hand Weapons
 a - a +0 long sword (weapon)
 k - a +0 dagger of venom
Missiles
 u - an atropa-tipped dart (quivered)
Armour
 b - a +0 scale mail (worn)
 c - a +0 kite shield (worn)
 i - a +0 pair of boots (worn)
 s - a +0 cloak (worn)
Jewellery
 l - an amulet of reflection (around neck)
 n - a ring of protection from fire (right hand)
 v - a +6 ring of dexterity (left hand)
Scrolls
 e - 2 scrolls of teleportation {unknown}
 g - a scroll of enchant weapon {unknown}
 m - a scroll of fear {unknown}
 o - a scroll of immolation {unknown}
 q - 3 scrolls of identify {unknown}
 r - 2 scrolls of fog {unknown}
Potions
 d - a potion of haste {unknown}
 f - a potion of lignification {unknown}
 h - 2 potions of attraction {unknown}
 j - 2 potions of resistance {unknown}
 p - a potion of curing
 t - a potion of might


   Skills:
 * Level 5.2 Fighting
 + Level 3.4 Long Blades
 + Level 4.2 Armour
 * Level 5.2 Shields


You had 6 spell levels left.
You didn't know any spells.
Your spell library contained the following spells:

 Spells                   Type           Power      Damage    Failure   Level
 Pain                     Necr           0%         1d4       99%         1
 Ensorcelled Hibernation  Hex/Ice        0%         N/A       100%        2
 Spider Form              Tmut/Pois      0%         N/A       100%        3
 Shadow Creatures         Summ           N/A        N/A       100%        6


Dungeon Overview and Level Annotations

Branches:
Dungeon (4/15)             Temple (0/1) D:4

Altars:
Ashenzari
Kikubaaqudgha
Sif Muna
Vehumet
Zin

Shops:
D:3 (


Message History

You hit the hobgoblin but do no damage.
The hobgoblin hits you but does no damage.
The hobgoblin hits you but does no damage.
You hit the hobgoblin.
You kill the hobgoblin!
Sif Muna accepts your kill.
You hit the ogre.
The ogre is lightly wounded.
You block the ogre's attack.
You hit the ogre.
The ogre is lightly wounded.
The ogre hits you with a +0 giant club!!
You closely miss the ogre.
The ogre is lightly wounded.
You block the ogre's attack. The ogre hits you with a +0 giant club!
Throw: 3 darts (atropa)
Press: ? - help, Q - select action, (/) - cycle Shift-Dir - straight line, f - ogre
Aim: an ogre, wielding a +0 giant club (lightly wounded, 77% to hit, chance to blind on hit: 27%)
You throw an atropa-tipped dart. The atropa-tipped dart hits the ogre.
The ogre resists.
The ogre is lightly wounded.
Throw: 2 darts (atropa)
Press: ? - help, Q - select action, (/) - cycle Shift-Dir - straight line, f/p - ogre
Aim: an ogre, wielding a +0 giant club (lightly wounded, 77% to hit, chance to blind on hit: 27%)
You throw an atropa-tipped dart. The atropa-tipped dart hits the ogre.
The ogre appears confused.
The ogre is lightly wounded.
You block the ogre's attack.
You are too injured to fight recklessly!
You slash the ogre!
The ogre is moderately wounded.
The ogre seems less confused.
You block the ogre's attack.
You hit the ogre.
The ogre is heavily wounded.
The ogre hits you with a +0 giant club!
You slash the ogre!
The ogre is severely wounded.
The ogre is no longer blind.
The ogre hits you with a +0 giant club!!
You die...

#. #.# #.##.# #....#
#..... ..##.# #....#
#.##.# #....# #.##.#
#...(# # #.##.#
##+##(##.###.##.# ##+#
#...#@O.......#.###.<.
#...#....###.........<
#.....................
#...#########.#.#.....
#.>.+..........>......
#...########..#.#.....
#...# #..#.#.....
#...########..#.#.....
##..............+.....


You could see an ogre.

Vanquished Creatures
  2 ice beasts
  A phantom (D:4)
  An orc priest (D:2)
  Natasha (D:3)
  A hound skeleton (D:4)
  Robin (D:4)
  A howler monkey skeleton (D:4)
  6 adders
  An ufetubus (D:2)
  An adder skeleton (D:4)
  2 dart slugs (D:1)
  4 orcs
  2 bats (D:1)
  5 endoplasms
  6 giant cockroaches
  14 goblins
  12 hobgoblins
  6 jackals
  4 ball pythons
  4 frilled lizards
  8 kobolds
  4 rats
87 creatures vanquished.

Vanquished Creatures (others)
  An orc wizard (D:3)
1 creature vanquished.

Grand Total: 88 creatures vanquished

Notes
Turn   | Place    | Note
-------+----------+-------------------------------------------
     0 | D:1      | HDogLeCool the Human Fighter began the quest for the Orb.
     0 | D:1      | Reached XP level 1. HP: 18/18 MP: 1/1
   128 | D:1      | Reached XP level 2. HP: 24/24 MP: 2/2
   260 | D:1      | Reached XP level 3. HP: 29/29 MP: 3/3
   375 | D:1      | Found a faded altar of an unknown god.
   390 | D:1      | Became a worshipper of Sif Muna the Loreminder
   390 | D:1      | Reached * piety under Sif Muna
  1013 | D:2      | Reached XP level 4. HP: 31/36 MP: 4/4
  1763 | D:2      | Reached XP level 5. HP: 20/42 MP: 5/5
  1962 | D:3      | Noticed an ogre
  2070 | D:3      | Reached ** piety under Sif Muna
  2107 | D:3      | Noticed an ice beast
  2513 | D:3      | Noticed Natasha
  2815 | D:3      | Found a broken altar of Ashenzari.
  2855 | D:3      | Killed an ice beast
  2856 | D:3      | Reached XP level 6. HP: 25/49 MP: 6/6
  3182 | D:3      | Found a glowing silver altar of Zin.
  3243 | D:3      | Found Yrghamaa's Antique Weapon Shop.
  3329 | D:3      | Killed Natasha
  3506 | D:4      | Noticed Robin
  3558 | D:4      | Killed Robin
  3739 | D:4      | Reached skill level 5 in Fighting
  3739 | D:4      | Reached skill level 5 in Shields
  3739 | D:4      | Reached XP level 7. HP: 31/56 MP: 7/7
  3887 | D:4      | Found a shimmering blue altar of Sif Muna.
  3887 | D:4      | Found an ancient bone altar of Kikubaaqudgha.
  3888 | D:4      | Found a radiant altar of Vehumet.
  3891 | D:4      | Got Kikubaaqudgha's Papyrus of Evil Magic
  3939 | D:4      | Found a staircase to the Ecumenical Temple.
  4188 | D:4      | Slain by an ogre

Illustrated notes

Levels and vault maps discovered:
D:1:      psy_arrival_basics, layout_loops_ring,
          chequers_ecumenical_altar_simple, serial_rivers,
          chequers_serial_rivers_small_3, chequers_serial_rivers_room_b,
          chequers_serial_rivers_micro_d, chequers_serial_rivers_micro_c,
          minmay_hexomino_c4
D:2:      layout_basic
D:3:      layout_basic, zin_statuary, evilmike_ruin_ashenzari, serial_shops,
          shop, uniq_natasha
D:4:      layout_basic, grunt_temple_overflow_magic_moments,
          kennysheep_little_box, temple_hall, minmay_misc_feat_nine_boxes,
          uniq_robin, uniq_blork_the_orc

Skill      XL: |  1  2  3  4  5  6 |
---------------+-------------------+-----
Shields        | 4 5 |  5.2
Fighting       | 4 5 |  5.2
Long Blades    | 3 |  3.4
Armour         | 4 |  4.2

Action                   |  1- 3 |  4- 6 |  7- 9 || total
-------------------------+-------+-------+-------++-------
Melee: Long sword        |    61 |   205 |    23 ||   289
Throw: Dart              |       |       |     2 ||     2
  Use: Potion            |       |     1 |       ||     1
Armor: Scale mail        |    23 |    90 |    10 ||   123
Dodge: Dodged            |    15 |    59 |     5 ||    79
Block: Kite shield       |    22 |   188 |    18 ||   228
       Reflection        |       |     1 |       ||     1
       Rpst.: Long sword |     6 |    20 |     1 ||    27

Table legend: (Time is in decaauts)
 A = Elapsed time spent in this place.
 B = Non-inter-level travel time spent in this place.
 C = Inter-level travel time spent in this place.
 D = Time resting spent in this place.
 E = Time spent auto-exploring this place.
 F = Levels seen in this place.
 G = Mean time per level.
                   A        B        C        D        E       F      G
               +--------+--------+--------+--------+--------+-----+--------+
         Total |   4357 |   3944 |    413 |   1008 |   1868 |   4 | 1089.2 |
       Dungeon |   4357 |   3944 |    413 |   1008 |   1868 |   4 | 1089.2 |
               +--------+--------+--------+--------+--------+-----+--------+

Top non-repeatable levels by time:
     D:2: 1745 daAuts
     D:1: 973 daAuts
     D:4: 836 daAuts
     D:3: 801 daAuts
